 Dungeon Sprint DCSS version 0.28.0-45-g0d030f2227 (webtiles) character file.

Game seed: 18419040014039344894

447 McKennaii the Protected (level 6, -5/61 HPs)
             Began as a Demigod Fighter on Apr 18, 2022.
             Slain by an orc warrior
             ... wielding a +0 long sword
              (10 damage)
             ... in the Dungeon (Sprint IX: "|||||||||||||||||||||||||||||").
             The game lasted 00:02:00 (395 turns).

McKennaii the Protected (Demigod Fighter)            Turns: 395, Time: 00:02:01

Health: -5/61      AC: 17    Str: 25    XL:     6   Next: 44%
Magic:  8/8        EV: 12    Int: 10    God:
Gold:   0          SH:  0    Dex: 16    Spells: 5/5 levels left

rFire   . . .      SeeInvis .   n - +2 halberd (protect)
rCold   . . .      Faith    .   (shield currently unavailable)
rNeg    . . .      Spirit   .   b - +0 scale mail
rPois   .          Reflect  .   (no helmet)
rElec   .          Harm     .   (no cloak)
rCorr   .          Rampage  .   p - +0 pair of gloves
Will    .....      NoTele   +   o - +0 pair of boots
Stlth   ..........              (no amulet)
HPRegen 0.20/turn               q - +3 ring of dexterity
MPRegen 0.11/turn               r - +2 ring of evasion

@: under a protective aura
A: high MP 1, forlorn, divine attributes
a: no special abilities


You were in the Dungeon.
You visited 1 branch

Inventory:

Hand Weapons
 a - a +0 trident
 n - a +2 halberd of protection (weapon)
Armour
 b - a +0 scale mail (worn)
 c - a +0 buckler
 o - a +0 pair of boots (worn)
 p - a +0 pair of gloves (worn)
Jewellery
 q - a +3 ring of dexterity (left hand)
 r - a +2 ring of evasion (right hand)
Wands
 m - a wand of iceblast (9)
Scrolls
 j - 2 scrolls of blinking
 l - 2 scrolls of amnesia
Potions
 d - a potion of might
 e - 5 potions of curing
 g - a potion of haste
 h - 4 potions of magic
 i - a potion of berserk rage
 k - a potion of invisibility


   Skills:
 + Level 8.1 Fighting
 + Level 7.9 Polearms
 + Level 8.2 Armour
 - Level 2.6 Shields


You had 5 spell levels left.
You didn't know any spells.
Your spell library was empty.

Dungeon Overview and Level Annotations

Branches:
Dungeon (1/1)


Innate Abilities, Weirdness & Mutations

You have an increased reservoir of magic. (+10% MP)
You shall have no god before yourself.
Your divine heritage dramatically boosts your attributes as you level up.


Message History

You feel yourself speed up.
The orc warrior hits you with a +0 long sword!
* * * LOW HITPOINT WARNING * * *
The orc warrior hits you with a +0 long sword!
* * * LOW HITPOINT WARNING * * *
Unknown command.
You feel much better.
The orc warrior hits you with a +0 long sword!
* * * LOW HITPOINT WARNING * * *
You closely miss the orc warrior.
The orc warrior hits you with a +0 long sword!
* * * LOW HITPOINT WARNING * * *
You hit the orc warrior but do no damage.
Your weapon exudes an aura of protection.
The orc warrior hits you but does no damage.
You feel much better.
The orc warrior hits you but does no damage.
You hit the orc warrior but do no damage.
The orc warrior hits you but does no damage.
You closely miss the orc warrior.
The orc warrior hits you with a +0 long sword!
* * * LOW HITPOINT WARNING * * *
You closely miss the orc warrior.
The orc warrior hits you but does no damage.
You slash the orc warrior!
The orc warrior is moderately wounded.
The orc warrior hits you but does no damage.
You barely miss the orc warrior.
The orc warrior is moderately wounded.
The orc warrior hits you with a +0 long sword.
* * * LOW HITPOINT WARNING * * *
The orc warrior hits you with a +0 long sword.
* * * LOW HITPOINT WARNING * * *
You slash the orc warrior!
The orc warrior is severely wounded.
The orc warrior closely misses you.
You puncture the orc warrior!
The orc warrior is almost dead.
The orc warrior hits you with a +0 long sword!
You die...

▓▓▓
▓@▓
▓o▓
▓Z▓
▓.▓
▓÷▓
▓)▓
▓.▓
▓.▓
▓.▓


You could see an orc warrior and a jackal zombie.

Vanquished Creatures
  A yak (D)
  An orc warrior (D)
  A centaur (D)
  A kobold brigand (D)
  A jelly (D)
  An orc wizard (D)
  A worm (D)
  A kobold (D)
  2 quokkas (D)
  2 bats (D)
  2 rats (D)
14 creatures vanquished.

Notes
Turn   | Place    | Note
-------+----------+-------------------------------------------
     0 | D        | McKennaii the Demigod Fighter began the quest for the Orb.
     0 | D        | Reached XP level 1. HP: 18/18 MP: 3/3
    48 | D        | Noticed a jelly
    48 | D        | Noticed a centaur
    51 | D        | Killed a jelly
    52 | D        | Reached XP level 2. HP: 14/27 MP: 4/4
    52 | D        | Reached XP level 3. HP: 17/33 MP: 5/5
    78 | D        | Killed a centaur
    79 | D        | Reached skill level 5 in Fighting
    79 | D        | Reached skill level 5 in Polearms
    79 | D        | Reached skill level 5 in Armour
    79 | D        | Reached XP level 4. HP: 13/42 MP: 6/6
   287 | D        | Noticed an orc warrior
   287 | D        | Noticed a yak
   287 | D        | Noticed a kobold brigand
   287 | D        | Noticed an orc warrior
   344 | D        | Killed an orc warrior
   345 | D        | Reached XP level 5. HP: 51/51 MP: 7/7
   373 | D        | Killed a yak
   374 | D        | Reached XP level 6. HP: 28/61 MP: 8/8
   386 | D        | HP: 2/61 [orc warrior/+0 long sword (11)]
   395 | D        | Slain by an orc warrior

Illustrated notes

Levels and vault maps discovered:
D:        linesprint [early_d, line_temple, items_1, d_10, items_2, lair_1,
          lair_end, items_3, orc_1, orc_end, items_4, d_15, swamp_1, shoals_1,
          snake_1, spider_1, d_20, vaults_1, items_5, swamp_end, shoals_end,
          snake_end, spider_end, vaults_end, d_27, items_6, zot_1, zot_end,
          crypt_end, forest_end, elf_end, slime_end, tomb_end, abyss_end,
          pan_hell_end]

Skill      XL: |  1  2  3  4  5  6 |
---------------+-------------------+-----
Polearms       | 3 5 6 7 |  7.9
Fighting       | 4 5 6 7 8 |  8.1
Armour         | 4 5 6 7 8 |  8.2
Shields        | |  2.6

Action                   |  1- 3 |  4- 6 || total
-------------------------+-------+-------++-------
Melee: Trident           |    39 |     5 ||    44
       Halberd           |       |    46 ||    46
Evoke: Wand              |       |     1 ||     1
  Use: Potion            |       |     3 ||     3
Armor: Scale mail        |    24 |    27 ||    51
Dodge: Dodged            |    25 |    18 ||    43
Block: Buckler           |     7 |     1 ||     8
